Unix NetHack Version 5.0.0-0 post-release - last build May 10 2026 23:12:36 (d1fa5d53e341ca933230fdaa984d921c805b60aa,branch:main).

Game began 2026-05-11 15:38:13, ended 2026-05-11 16:00:14.

DeathOnAStick, neutral male human Tourist

                                                     #                  #
                                              -------+--              -----
    ------------                              |        |##############.   |
    |          |                     -----    |        .#             |   |
    |          |####   -------       |...|    |        |#             -----
    |          |   ##  |.{.[.|      #-.<.|    |        |#               #
    |          +#  ####..(..i|      #|....#   |        |#               #
    -.----------#####  |.....@#     #|...|#   |        |#               #
     ###        #######.)....|#     #-----#   -----.----#               ##
       #       ##   #  -------#     #####################                #
       ##      #    #         #     #    #      ####    #                #
        #      #    #         #     #   ##     ##       #                #
        #     #######         #     #  ##   ####        ####             #
    ----.---  #              ##     #  #---------          ##---------------
    |      | ##              #------#  #|       |           #|             |
    | >{   |##               #......#  #.`      |           #.             |
    |      .#                 |....|    |       |            |             |
    |      |                  |....|    ---------            |             |
    --------                  ------                         ---------------
                               #

DeathOnAStick the Sightseer  St:17 Dx:10 Co:13 In:14 Wi:9 Ch:12  Neutral S:1140
Dlvl:3  $:1354 HP:0(31) Pw:25(25) AC:10 Xp:4/149 T:1330 

Latest messages:
 The giant rat bites!
 You hit the giant rat.
 The giant rat bites!
 You hit the giant rat.
 You miss the giant rat.
 The giant rat bites!
 In what direction? j
 You kill the giant rat!
 There is a giant rat corpse here; eat it? [ynq] (n) y
 This giant rat corpse is gamey.
 You finish eating the giant rat corpse.
 a - a +2 dart (at the ready) (23 in total).
 You see here 6 gold pieces.
 $ - 6 gold pieces (1354 in total).
 You find a hidden door.
 The door opens.
 The homunculus bites!
 In what direction? y
 The dart hits the homunculus.
 The homunculus bites!
 In what direction? y
 The dart misses the homunculus.
 The homunculus bites!
 You are put to sleep by the homunculus!
 The homunculus bites!
 The homunculus bites!
 The homunculus bites!
 The combat suddenly awakens you.
 In what direction? y
 The dart misses the homunculus.
 The homunculus bites!
 You are put to sleep by the homunculus!
 The homunculus bites!
 You wake up.
 In what direction? y
 The dart hits the homunculus!
 The homunculus bites!
 You are put to sleep by the homunculus!
 The homunculus bites!
 The homunculus bites!
 The homunculus bites!
 The homunculus bites!
 The homunculus bites!
 The homunculus bites!
 You die...
 Do you want your possessions identified? [ynq] (y) y
 Do you want to see your attributes? [ynq] (y) y
 Do you want an account of creatures vanquished? [ynaq] (y) y
 Do you want to see your conduct and achievements? [ynq] (y) y
 Do you want to see the dungeon overview? [ynq] (y) y

Inventory:
 Coins    ('$')
  $ - 1354 gold pieces
 Weapons  (')')
  T - 9 blessed +0 darts
  a - 19 +2 darts (at the ready)
  o - a +0 spear
 Armor    ('[')
  j - an uncursed +0 Hawaiian shirt with a giant eel motif
 Comestibles  ('%')
  f - an uncursed apple
  e - an uncursed candy bar labeled "Berry Bar"
  d - 3 uncursed food rations
  t - an uncursed pear
  c - 2 uncursed tripe rations
  s - an uncursed tin of broiled jackal meat
 Scrolls  ('?')
  P - 3 uncursed scrolls of confuse monster
  K - 2 uncursed scrolls of enchant weapon
  D - an uncursed scroll of identify
  S - an uncursed scroll of light
  i - 3 uncursed scrolls of magic mapping
 Potions  ('!')
  g - 2 uncursed potions of extra healing
  Q - an uncursed potion of gain ability
  B - 2 cursed potions of healing
 Wands    ('/')
  q - a wand of nothing (0:14)
 Tools    ('(')
  x - an uncursed credit card
  v - an expensive camera (0:95)
 Gems/Stones  ('*')
  C - 2 uncursed worthless pieces of orange glass
  w - an uncursed worthless piece of red glass
  E - an uncursed worthless piece of white glass

DeathOnAStick the Tourist's attributes:

Background:
 You were a Sightseer, a level 4 male human Tourist.
 You were neutral, nominally on a mission for The Lady
 who was opposed by Blind Io (lawful) and Offler (chaotic).
 You were right-handed.
 You were in the Dungeons of Doom, on level 3.
 You entered the dungeon 1330 turns ago.
 You had 149 experience points, 11 more were needed to attain level 5.
 Your score was 1140 before end-of-game adjustments.

Basics:
 You had 0 out of 31 hit points.
 You had all 25 energy points (spell power).
 Your armor class was 10.
 Your wallet contained 1354 zorkmids.
 Autopickup was off.

Final Characteristics:
 Your strength was 17 (limit:18/100).
 Your dexterity was 10 (limit:18).
 Your constitution was 13 (limit:18).
 Your intelligence was 14 (limit:18).
 Your wisdom was 9 (limit:18).
 Your charisma was 12 (limit:18).

Final Status:
 You weren't hungry.
 You were unencumbered.
 You were bare handed.
 You were unskilled in bare handed combat.
 You weren't wearing any armor.

Final Attributes:
 You were devoutly aligned.
 You were telepathic.
 You were fast.
 You are dead.

Miscellaneous:
 You didn't encounter any bones levels.
 Total elapsed playing time was 22 minutes.

Major events:
 Turn
    1: DeathOnAStick the neutral male human Tourist entered the dungeon
  439: attained the rank of Sightseer (level 3)
  568: read a Discworld novel
 1330: killed by a homunculus, while sleeping

You didn't know any spells.

Skills:
 Fighting Skills
   bare handed combat [Unskilled]
   two weapon combat  [Unskilled]
   riding             [Unskilled]
 Weapon Skills
   dagger             [Unskilled]
   knife              [Unskilled]
   axe                [Unskilled]
   pick-axe           [Unskilled]
   short sword        [Unskilled]
   broadsword         [Unskilled]
   long sword         [Unskilled]
   two-handed sword   [Unskilled]
   saber              [Unskilled]
   mace               [Unskilled]
   morning star       [Unskilled]
   flail              [Unskilled]
   hammer             [Unskilled]
   quarterstaff       [Unskilled]
   polearms           [Unskilled]
   spear              [Unskilled]
   trident            [Unskilled]
   lance              [Unskilled]
   bow                [Unskilled]
   sling              [Unskilled]
   crossbow           [Unskilled]
   dart               [Basic]
   shuriken           [Unskilled]
   boomerang          [Unskilled]
   whip               [Unskilled]
   unicorn horn       [Unskilled]
 Spellcasting Skills
   divination spells  [Unskilled]
   enchantment spells [Unskilled]
   escape spells      [Unskilled]

Voluntary challenges:
 Character rerolling was not enabled.
 You were an atheist.
 You never hit with a wielded weapon.
 You never genocided any monsters.
 You never polymorphed an object.
 You never changed form.
 You used no wishes.
Achievements:
 You attained the rank of Sightseer.
 You entered a shop.
 You read from a Discworld novel.

 The Dungeons of Doom: levels 1 to 3
    Level 1:
    Level 2:
       A scroll shop, a fountain.
    Level 3: <- You were here.
       A fountain, a sink.
       Final resting place for
          you, killed by a homunculus, while sleeping.


Vanquished creatures:
  5 fog clouds
  a floating eye
 an orc zombie
 an iguana
 an acid blob
  3 giant rats
  2 cave spiders
  a gnome zombie
  a jackal
  2 kobolds
  2 sewer rats
  3 grid bugs
  2 bats
  a lichen
  a kobold zombie
  2 newts
29 creatures vanquished.

No species were genocided or became extinct.

Game over:
                       ----------
                      /          \
                     /    REST    \
                    /      IN      \
                   /     PEACE      \
                  /                  \
                  |  DeathOnAStick   |
                  |     1354 Au      |
                  |   killed by a    |
                  |    homunculus    |
                  |                  |
                  |                  |
                  |       2026       |
                 *|     *  *  *      | *
        _________)/\\_//(\/(/\)/\//\/|_)_______

Aloha DeathOnAStick the Tourist...

You died in The Dungeons of Doom on dungeon level 3 with 1101 points,
and 1354 pieces of gold, after 1330 moves.
You were level 4 with a maximum of 31 hit points when you died.

